 Dungeon Crawl Stone Soup version 0.23-a0-844-gdc03e01 (webtiles) character file.

14707 tidbits the Thaumaturge (level 12, 7/94 HPs)
             Began as a Gnoll Skald on Jan 26, 2019.
             Was an Elder of Cheibriados.
             Quit the game on level 1 of the Swamp.
             The game lasted 00:49:17 (3562 turns).

tidbits the Thaumaturge (Gnoll Skald)               Turns: 3562, Time: 00:49:18

Health: 7/94       AC:  6    Str: 21    XL:     12   Next: 19%
Magic:  31/33      EV: 22    Int: 30    God:    Cheibriados [****..]
Gold:   546        SH:  0    Dex: 33    Spells: 9/28 levels left

rFire    . . .     SeeInvis +   b - +5 falchion (slice)
rCold    + . .     Gourm    .   (no shield)
rNeg     . . .     Faith    .   B - +2 robe "Pariq" {rC+ MP+9 Str-2 Dex+6}
rPois    +         Spirit   .   E - -1 helmet of Xirgheij {rPois Str-2 Dex+3}
rElec    .         Reflect  .   (no cloak)
rCorr    .         Harm     .   G - +0 pair of gloves
MR       .....                  (no boots)
Stlth    +++++.....             (no amulet)
HPRegen  0.25/turn              q - ring of see invisible
MPRegen  0.23/turn              (no ring)

@: lethally poisoned (7 -> -8), slowed, very slow
A: distributed training, fangs 1, strong nose
a: Bend Time, Temporal Distortion, Slouch, Renounce Religion


You were on level 1 of the Swamp.
You worshipped Cheibriados.
Cheibriados was greatly pleased with you.
You were full.

You visited 3 branches of the dungeon, and saw 17 of its levels.
You also visited: Gauntlet.

You collected 546 gold pieces.

Inventory:

Hand Weapons
 b - a +5 falchion of slicing (weapon)
   (You took it off Eustachio on level 4 of the Dungeon)
 c - the +5 shortbow "Leviticus" {velocity, Str+4}
   (You found it on level 5 of the Dungeon)

   Any arrow fired from it inflicts extra damage.
   It affects your strength (+4).
 d - a +1 dagger of draining
   (You took it off an orc wizard on level 4 of the Dungeon)
 f - a +0 morningstar
 g - a +0 blowgun
 w - a +0 hunting sling
 z - a +1 dagger of speed
   (You found it on level 4 of the Dungeon)
 H - a +0 arbalest
 K - a +0 war axe
 N - a cursed -1 quarterstaff
 Y - a +0 hand crossbow
 Z - a +0 trident
Missiles
 i - 28 stones
 o - 52 bolts
 y - 17 silver javelins
 J - 56 sling bullets
 T - 30 arrows
 U - 6 tomahawks (quivered)
Armour
 B - the +2 robe "Pariq" (worn) {rC+ MP+9 Str-2 Dex+6}
   (You found it in a Gauntlet)

   It affects your strength (-2).
   It affects your dexterity (+6).
   It protects you from cold.
   It affects your magic capacity (+9).
 E - the -1 helmet of Xirgheij (worn) {rPois Str-2 Dex+3}
   (You found it on level 8 of the Dungeon)

   It affects your strength (-2).
   It affects your dexterity (+3).
   It protects you from poison.
 G - a +0 pair of gloves (worn)
 M - the +2 helmet of the Pink Corner {+Fly Int+3 Dex-2 Stlth+}
   (You found it in a Gauntlet)

   It affects your intelligence (+3).
   It affects your dexterity (-2).
   It lets you fly.
   It makes you more stealthy.
 Q - a +0 ring mail
 R - a +0 helmet
Magical Staves
 x - an uncursed staff of poison {unknown}
   (You found it in a Gauntlet)
Jewellery
 q - a ring of see invisible (left hand)
   (You found it on level 11 of the Dungeon)
 W - an uncursed ring of ice
   (You found it on level 9 of the Dungeon)
Wands
 k - a wand of enslavement (5)
 m - a wand of iceblast (14)
 n - a wand of polymorph (18)
 s - a wand of scattershot (4)
 A - a wand of disintegration (8)
 P - a wand of digging (3)
Scrolls
 j - 2 scrolls of enchant armour {unknown}
 r - 2 scrolls of remove curse
 t - 2 scrolls of teleportation
 u - a scroll of summoning {unknown}
 C - a scroll of fog {unknown}
 F - a scroll of magic mapping
 L - a scroll of enchant weapon
 S - a scroll of immolation {!r}
 X - a scroll of blinking
Potions
 a - 3 potions of might {unknown}
 h - 4 potions of curing
 p - a potion of degeneration {unknown}
 v - a potion of mutation {unknown}
 D - a potion of brilliance
 I - 3 potions of magic {unknown}
 O - a potion of resistance
 V - a potion of flight
Miscellaneous
 e - a phantom mirror
Comestibles
 l - 13 rations


   Skills:
 + Level 8.4 Fighting
 + Level 6.9 Short Blades
 + Level 6.9 Long Blades
 + Level 6.9 Axes
 + Level 6.9 Maces & Flails
 + Level 8.4 Polearms
 + Level 6.9 Staves
 + Level 6.9 Slings
 + Level 6.9 Bows
 + Level 6.9 Crossbows
 + Level 6.9 Throwing
 + Level 7.4 Armour
 + Level 8.4 Dodging
 + Level 6.9 Stealth
 + Level 6.9 Shields
 + Level 6.9 Unarmed Combat
 + Level 8.6 Spellcasting
 + Level 5.7 Conjurations
 + Level 5.7 Hexes
 + Level 8.0 Charms
 + Level 5.7 Summonings
 + Level 5.7 Necromancy
 + Level 5.7 Translocations
 + Level 5.7 Transmutations
 + Level 5.7 Fire Magic
 + Level 5.7 Ice Magic
 + Level 5.7 Air Magic
 + Level 5.7 Earth Magic
 + Level 5.7 Poison Magic
 + Level 7.6 Invocations
 + Level 6.9 Evocations


You had 9 spell levels left.
You knew the following spells:

 Your Spells              Type           Power        Failure   Level  Hunger
b - Blink                 Tloc           N/A          1%          2    None
c - Conjure Flame         Conj/Fire      #####...     1%          3    None
g - Shroud of Golubria    Chrm/Tloc      ######....   1%          2    None
i - Infusion              Chrm           ####         1%          1    None
m - Mephitic Cloud        Conj/Pois/Air  #####...     1%          3    None
r - Regeneration          Chrm/Necr      ######....   1%          3    None
w - Spectral Weapon       Hex/Chrm       ######..     1%          3    None
y - Song of Slaying       Chrm           ######..     1%          2    None

Your spell library contained the following spells:

 Spells                   Type           Power        Failure   Level  Hunger
 Magic Dart               Conj           ####         1%          1    None
 Call Imp                 Summ           #####...     1%          2    None
 Slow                     Hex            #####...     1%          2    None


Dungeon Overview and Level Annotations

Branches:
Dungeon (11/15)            Temple (0/1) D:7            Lair (4/6) D:11
  Swamp (2/4) Lair:3
  Snake: Lair:2-4    Spider: Lair:2-4       Orc: D:9-12

Altars:
Cheibriados
Fedhas
Gozag
Kikubaaqudgha
Okawaru
Qazlal
Ru
Wu Jian
Yredelemnul

Shops:
D:5 :


Innate Abilities, Weirdness & Mutations

Your experience applies equally to all skills.
You have very sharp teeth.
Your uncanny sense of smell can sniff out nearby items.


Message History

Your spectral weapon hits the alligator.
The alligator bites you!
* * * LOW HITPOINT WARNING * * *
The alligator misses you.
You hit the alligator.
You kill the alligator!
Cheibriados thoroughly appreciates the change of pace.
Casting: Spectral Weapon (safe; 1% risk of failure)
Confirm with . or Enter, or press ? or * to list all spells.
Your skin crawls.
Unknown command.
A bog body comes into view.
Unknown command.
The bog body points at you and mumbles some strange words.
You feel yourself slow down.
Unknown command.
Evoke which item? (* to show all) (? for menu, Esc to quit)
Aiming: Disintegrate
Press: ? - help, Shift-Dir - straight line, f - bog body
Aim: a bog body (chance to defeat MR: 73%)
The bog body struggles to resist.
You hear a loud, deep croak!
The bog body gestures at you while chanting.
You feel as though you will be slow longer.
A spiny frog comes into view.
Evoke which item? (* to show all) (? for menu, Esc to quit)
Aiming: Disintegrate
Press: ? - help, Shift-Dir - straight line, f - spiny frog, p - bog body
Aim: a spiny frog (chance to defeat MR: 86%)
The bog body is blasted.
The bog body gestures at you while chanting.
You resist. The bolt of cold hits you!
* * * LOW HITPOINT WARNING * * *
A tentacled monstrosity comes into view.
A spiny frog comes into view.
Unknown command.
Unknown command.
Okay, then.
Unknown command.
Unknown command.
As you read the scroll of teleportation, it crumbles to dust.
You feel strangely unstable.
Adjust (i)tems, (s)pells, or (a)bilities?
Adjust which item? (? for menu, Esc to quit)
p - 2 scrolls of teleportation Adjust to which letter? (? for menu, Esc to quit)
t - 2 scrolls of teleportation;
p - a cyan potion Unknown command.
Evoke which item? (* to show all) (? for menu, Esc to quit)
Aiming: Disintegrate
Press: ? - help, Shift-Dir - straight line, f - bog body, p - spiny frog
Aim: a bog body (almost destroyed, chance to defeat MR: 73%)
The bog body is blasted.
You blow up the bog body!
Cheibriados appreciates the change of pace.
You hear a splash.
The spiny frog misses you.
Unknown command.
You hit the spiny frog. You punch the spiny frog.
The spiny frog is moderately wounded.
Your surroundings suddenly seem different.
A tyrant leech comes into view.
Unknown command.
Unknown command.
The tyrant leech moves out of view.
Unknown command.
Found 24 gold pieces.
Unknown command.
A tyrant leech comes into view.
Your skin is crawling a little less now.
Unknown command.
Your skin stops crawling.
Unknown command.
You swap places.
You hit the spiny frog but do no damage.
You bite the spiny frog, but do no damage.
Your spectral weapon hits the spiny frog.
The spiny frog closely misses you. The spiny frog misses you.
Unknown command.
You hit the spiny frog.
The spiny frog is moderately wounded.
Your spectral weapon fades away.
The spiny frog closely misses you. x2
Casting: Regeneration (safe; 1% risk of failure)
Confirm with . or Enter, or press ? or * to list all spells.
You draw out your weapon's spirit!
The spiny frog stings you!
* * * LOW HITPOINT WARNING * * *
Unknown command.
You closely miss the spiny frog. You bite the spiny frog.
The spiny frog is moderately wounded.
Your spectral weapon hits the spiny frog!
The spiny frog completely misses you. x2
You slash the spiny frog!
The spiny frog is severely wounded.
Your spectral weapon hits the spiny frog.
The spiny frog stings you!!
* * * LOW HITPOINT WARNING * * *
You are lethally poisoned!
The spiny frog poisons you! The spiny frog completely misses you.
Are you sure you want to abandon this character and quit the game? (Confirm with "yes".)

♣. ......≈..≈♣.≈≈≈...
♣♣♣♣♣..............≈.....
♣.≈......._..≈≈≈≈≈≈...♣♣.
♣.≈≈≈..≈.....≈≈≈≈≈≈......
♣≈...≈≈.........≈≈..≈≈≈≈.
♣♣≈...♣^≈≈....≈≈.≈≈≈≈≈≈..
♣≈≈≈≈...≈≈≈.≈.≈≈.≈≈≈≈≈...
♣..≈≈..≈≈F≈≈.§....≈≈≈≈≈≈.
♣♣.....w@(w..≈...
♣..≈♣♣♣..≈≈.≈≈≈. ♣≈≈≈.
♣♣♣≈§≈≈≈≈≈ ♣.≈≈ ♣..≈≈≈w
♣≈.≈w ∆ ..≈≈≈≈ ♣...
∆...$. ♣♣♣. .≈♣♣♣ ♣♣


You could see 2 tyrant leeches, a spiny frog and a friendly spectral +5 falchion
of slicing.

Vanquished Creatures
  A minotaur (Gauntlet)
  Erolcha (D:9)
  A hydra (Lair:2)
  2 alligators (Swamp:1)
  A wolf spider (Gauntlet)
  An ugly thing (D:10)
  A moth of wrath (Gauntlet)
  Joseph (D:8)
  2 black mambas (Lair:1)
  Psyche (D:9)
  A spiny frog (Lair:1)
  3 komodo dragons
  A rime drake (Lair:1)
  A troll (D:9)
  A bog body (Swamp:1)
  4 hippogriffs
  4 redbacks (Gauntlet)
  A vampire (D:10)
  Eustachio (D:4)
  3 fire bats (Gauntlet)
  2 basilisks (Lair:2)
  8 ogres
  A water moccasin (Lair:2)
  4 porcupines
  A hell hound (Gauntlet)
  An ice beast (D:8)
  3 orc warriors
  A swamp drake (Swamp:1)
  3 sky beasts
  A phantom (D:4)
  A black bear (D:8)
  A wolf (Lair:2)
  A crocodile (Lair:1)
  Blork the orc (D:4)
  2 big kobolds
  4 bullfrogs
  A wyvern skeleton (D:4)
  5 howler monkeys
  4 crimson imps
  A quasit (D:5)
  2 hounds (D:7)
  3 jellies
  8 orc priests
  2 orc wizards (D:4)
  4 iguanas (Lair:2)
  3 worker ants
  2 hound skeletons
  Robin (D:2)
  12 gnolls
  3 adders
  2 shadow imps
  2 oozes
  An adder skeleton (D:9)
  A dart slug (D:3)
  A leopard gecko (D:5)
  23 orcs
  3 ball pythons
  11 goblins
  7 jackals
  6 quokkas
  A frilled lizard (D:3)
  A giant cockroach zombie (D:5)
  9 kobolds
  A leopard gecko zombie (D:3)
187 creatures vanquished.

Vanquished Creatures (collateral kills)
  An ogre (D:4)
  A worker ant (D:4)
2 creatures vanquished.

Vanquished Creatures (others)
  A hell hog (Gauntlet)
  An ogre (D:10)
  A fungus (Lair:1)
  4 spectral weapons
7 creatures vanquished.

Grand Total: 196 creatures vanquished

Notes
Turn   | Place    | Note
-------+----------+-------------------------------------------
     0 | D:1      | tidbits the Gnoll Skald began the quest for the Orb.
     0 | D:1      | Reached XP level 1. HP: 20/20 MP: 6/6
   167 | D:2      | Reached XP level 2. HP: 26/26 MP: 4/7
   170 | D:2      | Noticed Robin
   195 | D:2      | Killed Robin
   195 | D:2      | Reached XP level 3. HP: 8/31 MP: 1/9
   201 | D:2      | Learned a level 3 spell: Regeneration
   204 | D:2      | Learned a level 2 spell: Song of Slaying
   207 | D:2      | Learned a level 2 spell: Shroud of Golubria
   211 | D:2      | Learned a level 3 spell: Spectral Weapon
   254 | D:3      | Reached skill level 5 in Spellcasting
   287 | D:3      | Reached skill level 1 in Invocations
   298 | D:3      | Reached skill level 1 in Short Blades
   298 | D:3      | Reached skill level 1 in Long Blades
   298 | D:3      | Reached skill level 1 in Axes
   298 | D:3      | Reached skill level 1 in Maces & Flails
   298 | D:3      | Reached skill level 1 in Staves
   298 | D:3      | Reached skill level 1 in Slings
   298 | D:3      | Reached skill level 1 in Bows
   298 | D:3      | Reached skill level 1 in Crossbows
   298 | D:3      | Reached skill level 1 in Throwing
   298 | D:3      | Reached skill level 1 in Stealth
   298 | D:3      | Reached skill level 1 in Shields
   298 | D:3      | Reached skill level 1 in Unarmed Combat
   298 | D:3      | Reached skill level 1 in Evocations
   326 | D:3      | Reached XP level 4. HP: 27/38 MP: 1/11
   417 | D:3      | Found a blossoming altar of Fedhas.
   442 | D:4      | Noticed an ogre
   489 | D:4      | Reached skill level 1 in Conjurations
   489 | D:4      | Reached skill level 1 in Hexes
   489 | D:4      | Reached skill level 1 in Summonings
   489 | D:4      | Reached skill level 1 in Necromancy
   489 | D:4      | Reached skill level 1 in Translocations
   489 | D:4      | Reached skill level 1 in Transmutations
   489 | D:4      | Reached skill level 1 in Fire Magic
   489 | D:4      | Reached skill level 1 in Ice Magic
   489 | D:4      | Reached skill level 1 in Air Magic
   489 | D:4      | Reached skill level 1 in Earth Magic
   489 | D:4      | Reached skill level 1 in Poison Magic
   493 | D:4      | Noticed an ogre
   498 | D:4      | Noticed an ogre
   508 | D:4      | Killed an ogre
   508 | D:4      | Reached skill level 3 in Armour
   508 | D:4      | Reached XP level 5. HP: 36/43 MP: 2/12
   509 | D:4      | HP: 8/43 [ogre/+0 giant club (28)]
   510 | D:4      | Killed an ogre
   510 | D:4      | Reached skill level 2 in Invocations
   510 | D:4      | Reached XP level 6. HP: 10/50 MP: 2/13
   548 | D:4      | Noticed Eustachio
   571 | D:4      | Killed Eustachio
   571 | D:4      | Reached skill level 5 in Fighting
   571 | D:4      | Reached skill level 2 in Short Blades
   571 | D:4      | Reached skill level 2 in Long Blades
   571 | D:4      | Reached skill level 2 in Axes
   571 | D:4      | Reached skill level 2 in Maces & Flails
   571 | D:4      | Reached skill level 5 in Polearms
   571 | D:4      | Reached skill level 2 in Staves
   571 | D:4      | Reached skill level 2 in Slings
   571 | D:4      | Reached skill level 2 in Bows
   571 | D:4      | Reached skill level 2 in Crossbows
   571 | D:4      | Reached skill level 2 in Throwing
   571 | D:4      | Reached skill level 5 in Dodging
   571 | D:4      | Reached skill level 2 in Stealth
   571 | D:4      | Reached skill level 2 in Shields
   571 | D:4      | Reached skill level 2 in Unarmed Combat
   571 | D:4      | Reached skill level 2 in Evocations
   595 | D:5      | Entered Level 5 of the Dungeon
   680 | D:5      | Found Sitausho's Book Emporium.
   725 | D:5      | Got a smoking shortbow
   726 | D:5      | Identified the +5 shortbow "Leviticus" {velocity, Str+4}
                  | (You found it on level 5 of the Dungeon)
   770 | D:5      | Reached XP level 7. HP: 56/56 MP: 11/15
   871 | D:4      | Noticed Blork the orc
   882 | D:4      | Killed Blork the orc
   882 | D:4      | Reached skill level 2 in Conjurations
   882 | D:4      | Reached skill level 2 in Hexes
   882 | D:4      | Reached skill level 2 in Summonings
   882 | D:4      | Reached skill level 2 in Necromancy
   882 | D:4      | Reached skill level 2 in Translocations
   882 | D:4      | Reached skill level 2 in Transmutations
   882 | D:4      | Reached skill level 2 in Fire Magic
   882 | D:4      | Reached skill level 2 in Ice Magic
   882 | D:4      | Reached skill level 2 in Air Magic
   882 | D:4      | Reached skill level 2 in Earth Magic
   882 | D:4      | Reached skill level 2 in Poison Magic
   986 | D:4      | Reached skill level 3 in Invocations
  1009 | D:4      | Reached XP level 8. HP: 50/63 MP: 6/16
  1034 | D:4      | Found a snail-covered altar of Cheibriados.
  1034 | D:4      | Found an opulent altar of Gozag.
  1035 | D:4      | Found a stormy altar of Qazlal.
  1041 | D:4      | Reached skill level 6 in Charms
  1049 | D:4      | Became a worshipper of Cheibriados the Contemplative
  1218 | D:6      | Found an ornate altar of the Wu Jian Council.
  1259 | D:6      | Reached skill level 3 in Short Blades
  1259 | D:6      | Reached skill level 3 in Long Blades
  1259 | D:6      | Reached skill level 3 in Axes
  1259 | D:6      | Reached skill level 3 in Maces & Flails
  1259 | D:6      | Reached skill level 3 in Staves
  1259 | D:6      | Reached skill level 3 in Slings
  1259 | D:6      | Reached skill level 3 in Bows
  1259 | D:6      | Reached skill level 3 in Crossbows
  1259 | D:6      | Reached skill level 3 in Throwing
  1259 | D:6      | Reached skill level 4 in Armour
  1259 | D:6      | Reached skill level 3 in Stealth
  1259 | D:6      | Reached skill level 3 in Shields
  1259 | D:6      | Reached skill level 3 in Unarmed Combat
  1259 | D:6      | Reached skill level 3 in Evocations
  1336 | D:6      | Paralysed by a crimson imp for 6 turns
  1376 | D:6      | Learned a level 3 spell: Conjure Flame
  1390 | D:6      | Reached skill level 6 in Spellcasting
  1502 | D:7      | Found an iron altar of Okawaru.
  1512 | D:7      | Reached skill level 4 in Invocations
  1543 | D:7      | Reached * piety under Cheibriados
  1543 | D:7      | Reached skill level 3 in Conjurations
  1543 | D:7      | Reached skill level 3 in Hexes
  1543 | D:7      | Reached skill level 3 in Summonings
  1543 | D:7      | Reached skill level 3 in Necromancy
  1543 | D:7      | Reached skill level 3 in Translocations
  1543 | D:7      | Reached skill level 3 in Transmutations
  1543 | D:7      | Reached skill level 3 in Fire Magic
  1543 | D:7      | Reached skill level 3 in Ice Magic
  1543 | D:7      | Reached skill level 3 in Air Magic
  1543 | D:7      | Reached skill level 3 in Earth Magic
  1543 | D:7      | Reached skill level 3 in Poison Magic
  1547 | D:7      | Reached XP level 9. HP: 64/69 MP: 13/18
  1549 | D:7      | Reached skill level 6 in Fighting
  1549 | D:7      | Reached skill level 6 in Polearms
  1549 | D:7      | Reached skill level 6 in Dodging
  1598 | D:7      | Found a staircase to the Ecumenical Temple.
  1621 | D:7      | Reached skill level 4 in Short Blades
  1621 | D:7      | Reached skill level 4 in Long Blades
  1621 | D:7      | Reached skill level 4 in Axes
  1621 | D:7      | Reached skill level 4 in Maces & Flails
  1621 | D:7      | Reached skill level 4 in Staves
  1621 | D:7      | Reached skill level 4 in Slings
  1621 | D:7      | Reached skill level 4 in Bows
  1621 | D:7      | Reached skill level 4 in Crossbows
  1621 | D:7      | Reached skill level 4 in Throwing
  1621 | D:7      | Reached skill level 4 in Stealth
  1621 | D:7      | Reached skill level 4 in Shields
  1621 | D:7      | Reached skill level 4 in Unarmed Combat
  1621 | D:7      | Reached skill level 4 in Evocations
  1789 | D:8      | Noticed Joseph
  1809 | D:8      | Killed Joseph
  1809 | D:8      | Reached skill level 5 in Armour
  1842 | D:8      | Identified a +2 pair of boots of running (You found it on
                  | level 8 of the Dungeon)
  1906 | D:8      | Got a distressingly furry helmet
  1917 | D:8      | Identified the cursed -1 helmet of Xirgheij {rPois Str-2
                  | Dex+3} (You found it on level 8 of the Dungeon)
  1962 | D:8      | Reached skill level 5 in Invocations
  2028 | D:9      | Noticed Erolcha
  2096 | D:9      | Killed Erolcha
  2096 | D:9      | Reached skill level 7 in Spellcasting
  2096 | D:9      | Reached skill level 4 in Conjurations
  2096 | D:9      | Reached skill level 4 in Hexes
  2096 | D:9      | Reached skill level 4 in Summonings
  2096 | D:9      | Reached skill level 4 in Necromancy
  2096 | D:9      | Reached skill level 4 in Translocations
  2096 | D:9      | Reached skill level 4 in Transmutations
  2096 | D:9      | Reached skill level 4 in Fire Magic
  2096 | D:9      | Reached skill level 4 in Ice Magic
  2096 | D:9      | Reached skill level 4 in Air Magic
  2096 | D:9      | Reached skill level 4 in Earth Magic
  2096 | D:9      | Reached skill level 4 in Poison Magic
  2096 | D:9      | Reached XP level 10. HP: 77/77 MP: 20/20
  2121 | D:10     | Entered Level 10 of the Dungeon
  2161 | D:9      | Reached ** piety under Cheibriados
  2200 | D:9      | Reached skill level 5 in Short Blades
  2200 | D:9      | Reached skill level 5 in Long Blades
  2200 | D:9      | Reached skill level 5 in Axes
  2200 | D:9      | Reached skill level 5 in Maces & Flails
  2200 | D:9      | Reached skill level 5 in Staves
  2200 | D:9      | Reached skill level 5 in Slings
  2200 | D:9      | Reached skill level 5 in Bows
  2200 | D:9      | Reached skill level 5 in Crossbows
  2200 | D:9      | Reached skill level 5 in Throwing
  2200 | D:9      | Reached skill level 5 in Stealth
  2200 | D:9      | Reached skill level 5 in Shields
  2200 | D:9      | Reached skill level 5 in Unarmed Combat
  2200 | D:9      | Reached skill level 5 in Evocations
  2259 | D:9      | Found a basalt altar of Yredelemnul.
  2271 | D:9      | Reached skill level 7 in Charms
  2388 | D:9      | Noticed Psyche
  2391 | D:9      | Killed Psyche
  2391 | D:9      | Reached skill level 7 in Fighting
  2391 | D:9      | Reached skill level 7 in Polearms
  2391 | D:9      | Reached skill level 7 in Dodging
  2508 | D:10     | Noticed a cyan ugly thing
  2521 | D:10     | Killed a cyan ugly thing
  2521 | D:10     | Reached skill level 6 in Armour
  2623 | D:10     | Reached *** piety under Cheibriados
  2648 | D:10     | Found an ancient bone altar of Kikubaaqudgha.
  2669 | D:10     | Reached skill level 6 in Invocations
  2700 | D:10     | Learned a level 2 spell: Blink
  2717 | D:11     | Found a staircase to the Lair.
  2738 | Lair:1   | Entered Level 1 of the Lair of Beasts
  2761 | Lair:1   | Noticed a black mamba
  2769 | Lair:1   | Killed a black mamba
  2771 | Lair:1   | Found a gate leading to a gauntlet.
  2783 | Gauntlet | Entered a Gauntlet
  2783 | Gauntlet | Found a transporter.
  2786 | Gauntlet | Found a transporter.
  2787 | Gauntlet | Noticed a hell hog
  2806 | Gauntlet | Reached XP level 11. HP: 45/84 MP: 16/22
  2808 | Gauntlet | HP: 12/84 [hell hog (13)]
  2811 | Gauntlet | Killed a hell hog
  2815 | Gauntlet | Found a transporter.
  2815 | Gauntlet | Found a transporter.
  2859 | Gauntlet | Noticed a moth of wrath
  2859 | Gauntlet | Found a transporter.
  2870 | Gauntlet | HP: 21/126 [redback (16)]
  2871 | Gauntlet | HP: 10/126 [redback (2)]
  2873 | Gauntlet | Killed a moth of wrath
  2875 | Gauntlet | Reached skill level 6 in Short Blades
  2875 | Gauntlet | Reached skill level 6 in Long Blades
  2875 | Gauntlet | Reached skill level 6 in Axes
  2875 | Gauntlet | Reached skill level 6 in Maces & Flails
  2875 | Gauntlet | Reached skill level 6 in Staves
  2875 | Gauntlet | Reached skill level 6 in Slings
  2875 | Gauntlet | Reached skill level 6 in Bows
  2875 | Gauntlet | Reached skill level 6 in Crossbows
  2875 | Gauntlet | Reached skill level 6 in Throwing
  2875 | Gauntlet | Reached skill level 6 in Stealth
  2875 | Gauntlet | Reached skill level 6 in Shields
  2875 | Gauntlet | Reached skill level 6 in Unarmed Combat
  2875 | Gauntlet | Reached skill level 6 in Evocations
  2876 | Gauntlet | HP: 23/126 [redback (19)]
  2878 | Gauntlet | Noticed a wolf spider
  2882 | Gauntlet | HP: 13/126 [redback (4)]
  2883 | Gauntlet | Reached skill level 5 in Conjurations
  2883 | Gauntlet | Reached skill level 5 in Hexes
  2883 | Gauntlet | Reached skill level 5 in Summonings
  2883 | Gauntlet | Reached skill level 5 in Necromancy
  2883 | Gauntlet | Reached skill level 5 in Translocations
  2883 | Gauntlet | Reached skill level 5 in Transmutations
  2883 | Gauntlet | Reached skill level 5 in Fire Magic
  2883 | Gauntlet | Reached skill level 5 in Ice Magic
  2883 | Gauntlet | Reached skill level 5 in Air Magic
  2883 | Gauntlet | Reached skill level 5 in Earth Magic
  2883 | Gauntlet | Reached skill level 5 in Poison Magic
  2898 | Gauntlet | Learned a level 3 spell: Mephitic Cloud
  2944 | Gauntlet | Killed a wolf spider
  2944 | Gauntlet | Reached skill level 8 in Spellcasting
  2945 | Gauntlet | Noticed a green death
  2959 | Gauntlet | Got a jewelled helmet
  2970 | Gauntlet | Identified the +2 helmet of the Pink Corner {+Fly Int+3
                  | Dex-2 Stlth+} (You found it in a Gauntlet)
  2980 | Gauntlet | Noticed a minotaur
  2991 | Gauntlet | HP: 14/85 [minotaur/silver javelin (11)]
  2994 | Gauntlet | HP: 1/85 [minotaur/cursed staff of air (6)]
  2995 | Gauntlet | Killed a minotaur
  3015 | Gauntlet | Got a brightly glowing robe
  3028 | Gauntlet | Identified the +2 robe "Pariq" {rC+ MP+9 Str-2 Dex+6} (You
                  | found it in a Gauntlet)
  3120 | Lair:1   | Reached **** piety under Cheibriados
  3275 | Lair:2   | Reached skill level 7 in Invocations
  3285 | Lair:2   | Noticed a five-headed hydra
  3294 | Lair:2   | Killed a five-headed hydra
  3294 | Lair:2   | Reached skill level 8 in Fighting
  3294 | Lair:2   | Reached skill level 8 in Polearms
  3294 | Lair:2   | Reached skill level 7 in Armour
  3294 | Lair:2   | Reached skill level 8 in Dodging
  3400 | Lair:1   | Reached XP level 12. HP: 43/93 MP: 24/24
  3471 | Lair:3   | Found a staircase to the Swamp.
  3491 | Swamp:1  | Entered Level 1 of the Swamp
  3491 | Swamp:1  | Found a sacrificial altar of Ru.
  3491 | Swamp:1  | Noticed an alligator
  3503 | Swamp:1  | Killed an alligator
  3503 | Swamp:1  | Reached skill level 8 in Charms
  3526 | Swamp:2  | Noticed a five-headed hydra
  3530 | Swamp:1  | Noticed an alligator
  3542 | Swamp:1  | Killed an alligator
  3547 | Swamp:1  | HP: 17/94 [bog body/bolt of cold (12)]
  3547 | Swamp:1  | Noticed a tentacled monstrosity
  3561 | Swamp:1  | HP: 7/94 [spiny frog (20)]
  3562 | Swamp:1  | Quit the game

Vault maps used:
D:1:      dpeg_arrival_connections
D:2:      chequers_serial_rivers_micro_c, uniq_natasha, uniq_robin
D:3:      lemuel_doored_altar, hangedman_decor_clover_reticule,
          corexii_leaking_fountain, minmay_starry_boxes
D:4:      gammafunk_temple_overflow_claw, uniq_blork_the_orc, uniq_menkaure,
          uniq_eustachio, uniq_ijyb
D:5:      serial_shops, shop, first_ration, minmay_misc_feat_more_columns,
          uniq_sigmund
D:6:      nicolae_overflow_crystal_walls
D:7:      minmay_temple_entry_mist, basic_altar
D:8:      makhleb_altar_promises_db, kennysheep_generic_room_6, uniq_joseph
D:9:      basic_altar, uniq_erolcha, uniq_psyche
D:10:     basic_altar
D:11:     lair_entry_dummy, orc_0_dummy, blue_anna_alchemist,
          serial_bayou_pond_e, trog_ov_bears_minmay, uniq_nergalle,
          uniq_josephine
Lair:1:   gauntlet_entry_generic, grunt_megastairs_2
Lair:2:   beast_lair_carwin_large_1, infiniplex_staircase_pool
Lair:3:   swamp_mist_pool, uniq_sonja
Lair:4:   dummy_snake_entry
Swamp:1:  basic_altar
Swamp:2:  nicolae_swamp_trees_clearing
Gauntlet: minmay_gauntlet_mixed_oops_all_seconds

Skill      XL: |  1  2  3  4  5  6  7  8  9 10 11 12 |
---------------+-------------------------------------+-----
Spellcasting   | 5 6 7 8 |  8.6
Invocations    | 1 2 3 4 5 6 7 |  7.6
Short Blades   | 1 2 3 4 5 6 |  6.9
Long Blades    | 1 2 3 4 5 6 |  6.9
Axes           | 1 2 3 4 5 6 |  6.9
Maces & Flails | 1 2 3 4 5 6 |  6.9
Staves         | 1 2 3 4 5 6 |  6.9
Slings         | 1 2 3 4 5 6 |  6.9
Bows           | 1 2 3 4 5 6 |  6.9
Crossbows      | 1 2 3 4 5 6 |  6.9
Throwing       | 1 2 3 4 5 6 |  6.9
Stealth        | 1 2 3 4 5 6 |  6.9
Shields        | 1 2 3 4 5 6 |  6.9
Unarmed Combat | 1 2 3 4 5 6 |  6.9
Evocations     | 1 2 3 4 5 6 |  6.9
Conjurations   | 1 2 3 4 5 |  5.7
Hexes          | 1 2 3 4 5 |  5.7
Summonings     | 1 2 3 4 5 |  5.7
Necromancy     | 1 2 3 4 5 |  5.7
Translocations | 1 2 3 4 5 |  5.7
Transmutations | 1 2 3 4 5 |  5.7
Fire Magic     | 1 2 3 4 5 |  5.7
Ice Magic      | 1 2 3 4 5 |  5.7
Air Magic      | 1 2 3 4 5 |  5.7
Earth Magic    | 1 2 3 4 5 |  5.7
Poison Magic   | 1 2 3 4 5 |  5.7
Armour         | 3 4 5 6 7 |  7.4
Fighting       | 5 6 7 8 |  8.4
Polearms       | 5 6 7 8 |  8.4
Dodging        | 5 6 7 8 |  8.4
Charms         | 6 7 8 |  8.0

Action                   |  1- 3 |  4- 6 |  7- 9 | 10-12 || total
-------------------------+-------+-------+-------+-------++-------
Melee: Spear             |    60 |    58 |    52 |       ||   170
       Bite              |     4 |     8 |    31 |    37 ||    80
       Falchion          |       |     5 |   119 |   151 ||   275
       Dagger            |       |       |     2 |       ||     2
       Punch             |       |       |     1 |    10 ||    11
 Fire: Shortbow          |       |       |       |    35 ||    35
Throw: Stone             |       |     2 |     2 |     1 ||     5
       Tomahawk          |       |       |       |     1 ||     1
 Cast: Infusion          |     4 |       |       |       ||     4
       Spectral Weapon   |     3 |     9 |    30 |    29 ||    71
       Shroud of Golubri |     1 |     1 |     6 |     3 ||    11
       Regeneration      |     1 |     2 |     9 |    23 ||    35
       Song of Slaying   |       |       |     3 |     2 ||     5
       Conjure Flame     |       |       |       |     5 ||     5
       Mephitic Cloud    |       |       |       |     1 ||     1
Evoke: Wand              |       |     2 |     2 |    17 ||    21
  Use: Scroll            |       |     3 |     5 |     7 ||    15
       Potion            |       |     3 |       |     7 ||    10
 Stab: Distracted        |       |       |     2 |     2 ||     4
       Paralysed         |       |       |     2 |       ||     2
       Sleeping          |       |       |     1 |     4 ||     5
  Eat: Ration            |     1 |       |     1 |     2 ||     4
       Chunk             |       |       |       |     1 ||     1
Armor: Leather armour    |     5 |     9 |    24 |       ||    38
       Skin              |       |    31 |       |    20 ||    51
       Ring mail         |       |       |     6 |    32 ||    38
       Robe              |       |       |       |    13 ||    13
Dodge: Dodged            |    21 |    31 |   107 |   142 ||   301
       Rpst.: Falchion   |       |     1 |    27 |    32 ||    60

Table legend:
 A = Non-vault XP
 B = Vault XP
 C = Vault XP percentage of total XP
 D = Non-vault monster count
 E = Vault monster count
 F = Vault count percentage of total count
                 A         B        C        D         E       F
            +---------+---------+-------+---------+---------+-------
      Total |   11597 |    9414 |  44.8 |     145 |      45 |  23.7
            +---------+---------+-------+---------+---------+-------
        D:1 |       2 |       0 |   0.0 |       1 |       0 |   0.0
        D:2 |       4 |      27 |  87.1 |       2 |       7 |  77.8
        D:3 |      35 |      43 |  55.1 |      10 |       9 |  47.4
        D:4 |     864 |     296 |  25.5 |      32 |       2 |   5.9
        D:5 |      53 |       0 |   0.0 |       4 |       0 |   0.0
        D:6 |     377 |       0 |   0.0 |       9 |       0 |   0.0
        D:7 |    1248 |       0 |   0.0 |      22 |       0 |   0.0
        D:8 |     800 |     629 |  44.0 |       7 |       3 |  30.0
        D:9 |     777 |    1457 |  65.2 |      14 |       2 |  12.5
       D:10 |    1634 |       0 |   0.0 |      25 |       0 |   0.0
     Lair:1 |    2496 |      93 |   3.6 |       9 |       1 |  10.0
     Lair:2 |     767 |    2229 |  74.4 |       5 |       9 |  64.3
     Lair:3 |     378 |       0 |   0.0 |       1 |       0 |   0.0
    Swamp:1 |    2162 |       0 |   0.0 |       4 |       0 |   0.0
   Gauntlet |       0 |    4640 | 100.0 |       0 |      12 | 100.0
            +---------+---------+-------+---------+---------+-------

Table legend:
 A = Turns spent in this place as a percentage of turns spent in the entire game.
 B = Non-inter-level travel turns spent in this place as a percentage of non-inter-level travel turns spent in the entire game.
 C = Inter-level travel turns spent in this place as a percentage of turns spent in this place.
 D = Turns resting spent in this place as a percentage of non-inter-level travel turns spent in this place.
 E = Turns spent auto-exploring this place as a percentage of non-inter-level travel turns spent in this place.
 F = Non-inter-level travel turns spent in this place divided by the number of levels of this place that you've seen.
                   A       B       C       D       E      F
               +-------+-------+-------+-------+-------+----------------------
         Total | 100.0 | 100.0 |   3.2 |   0.0 |   0.0 | 191.5
       Dungeon |  76.9 |  76.1 |   4.2 |   0.0 |   0.0 | 238.5
          Lair |  14.2 |  14.7 |   0.0 |   0.0 |   0.0 | 126.5
         Swamp |   2.0 |   2.1 |   0.0 |   0.0 |   0.0 |  35.5
      Gauntlet |   6.9 |   7.2 |   0.0 |   0.0 |   0.0 | 247.0
               +-------+-------+-------+-------+-------+----------------------

Table legend:
 A = Kills in this place as a percentage of kills in entire the game.
 B = Kills by you in this place as a percentage of kills by you in the entire game.
 C = Kills by friends in this place as a percentage of kills by friends in the entire game.
 D = Other kills in this place as a percentage of other kills in the entire game.
 E = Experience gained in this place as a percentage of experience gained in the entire game.
 F = Experience gained in this place divided by the number of levels of this place that you have seen.
                   A       B       C       D       E      F
               +-------+-------+-------+-------+-------+----------------------
         Total | 100.0 | 100.0 | 100.0 | 100.0 | 100.0 | 1167.3
       Dungeon |  78.4 |  78.6 | 100.0 |   0.0 |  39.2 | 749.6
          Lair |  13.2 |  13.4 |   0.0 |   0.0 |  28.4 | 1490.8
         Swamp |   2.1 |   2.1 |   0.0 |   0.0 |  10.3 | 1081.0
      Gauntlet |   6.3 |   5.9 |   0.0 | 100.0 |  22.1 | 4640.0
               +-------+-------+-------+-------+-------+----------------------

Vault maps used:
D:1:      dpeg_arrival_connections
D:2:      chequers_serial_rivers_micro_c, uniq_natasha, uniq_robin
D:3:      lemuel_doored_altar, hangedman_decor_clover_reticule,
          corexii_leaking_fountain, minmay_starry_boxes
D:4:      gammafunk_temple_overflow_claw, uniq_blork_the_orc, uniq_menkaure,
          uniq_eustachio, uniq_ijyb
D:5:      serial_shops, shop, first_ration, minmay_misc_feat_more_columns,
          uniq_sigmund
D:6:      nicolae_overflow_crystal_walls
D:7:      minmay_temple_entry_mist, basic_altar
D:8:      makhleb_altar_promises_db, kennysheep_generic_room_6, uniq_joseph
D:9:      basic_altar, uniq_erolcha, uniq_psyche
D:10:     basic_altar
D:11:     lair_entry_dummy, orc_0_dummy, blue_anna_alchemist,
          serial_bayou_pond_e, trog_ov_bears_minmay, uniq_nergalle,
          uniq_josephine
Lair:1:   gauntlet_entry_generic, grunt_megastairs_2
Lair:2:   beast_lair_carwin_large_1, infiniplex_staircase_pool
Lair:3:   swamp_mist_pool, uniq_sonja
Lair:4:   dummy_snake_entry
Swamp:1:  basic_altar
Swamp:2:  nicolae_swamp_trees_clearing
Gauntlet: minmay_gauntlet_mixed_oops_all_seconds
